 Dungeon Crawl Stone Soup version 0.17-a0-2127-g1cb09f6 (webtiles) character file.

150 kosy22 the Skirmisher (level 5, 0/47 HPs)
             Began as a Hill Orc Fighter on Oct 23, 2015.
             Was an Initiate of Beogh.
             Slain by Pikel
             ... wielding a +2 whip of flaming
              (2 damage)
             ... on level 4 of the Dungeon.
             The game lasted 00:08:11 (2832 turns).

kosy22 the Skirmisher (Hill Orc Fighter)            Turns: 2832, Time: 00:08:11

Health: 0/47       AC:  7    Str: 20      XL:     5   Next: 32%
Magic:  5/5        EV:  8    Int:  7 (8)  God:    Beogh [......]
Gold:   156        SH:  9    Dex: 10      Spells: 0 memorised, 4 levels left

rFire  . . .     SeeInvis .     a - +0 war axe
rCold  . . .     Clarity  .     b - +0 scale mail
rNeg   . . .     SustAt   .     c - +0 shield
rPois  .         Gourm    .     (no helmet)
rElec  .         Spirit   .     (no cloak)
rCorr  .         Warding  .     (no gloves)
rMut   .         Stasis   .     (no boots)
MR     .....                    (no amulet)
Stlth  ..........               (no ring)
                                (no ring)

@: not resistant to hostile enchantments, extremely unstealthy
A: no striking features
a: Renounce Religion


You were on level 4 of the Dungeon.
You worshipped Beogh.
Beogh was noncommittal.
You were not hungry.

You visited 1 branch of the dungeon, and saw 4 of its levels.

You collected 156 gold pieces.

Inventory:

Hand Weapons
 a - a +0 war axe (weapon)
Missiles
 p - 5 tomahawks (quivered)
Armour
 b - a +0 scale mail (worn)
 c - a +0 shield (worn)
Scrolls
 g - a scroll of blinking {unknown}
 h - a scroll of magic mapping
 i - 3 scrolls of identify
 l - a scroll of fear
Potions
 d - a potion of might
 e - a potion of degeneration
 o - a potion of brilliance


   Skills:
 + Level 4.4 Fighting
 + Level 3.9 Axes
 + Level 4.2 Armour
 + Level 1.2 Dodging
 + Level 4.1 Shields


You had 4 spell levels left.
You didn't know any spells.

Dungeon Overview and Level Annotations

Branches:
Dungeon (4/15)
 Temple: D:4-7

Altars:
Ashenzari
Vehumet

Annotations:
D:4 Pikel


Message History

As you read the scroll labeled KURYTS IDAH, it crumbles to dust.
You feel blessed for a moment.
It was a scroll of remove curse.
You block the slave's attack.
Read which item? (? for menu, Esc to quit)
As you read the scroll labeled FAUFAETASM, it crumbles to dust.
The creatures around you are filled with an inner flame!
It was a scroll of immolation.
The slave barely misses you.
Read which item? (? for menu, Esc to quit)
As you read the scroll labeled CAPTOS KUZA, it crumbles to dust.
You feel strangely unstable.
It was a scroll of teleportation.
You block the slave's attack.
Your surroundings suddenly seem different.
Pikel zaps a wand.
The bolt of cold misses you.
It is a wand of cold.
Pikel the Slaver comes into view.
He is wielding a whip of flaming.
You closely miss Pikel.
Pikel zaps a wand.
The bolt of cold hits you!
* * * LOW HITPOINT WARNING * * *
You hit Pikel.
Pikel is lightly wounded.
Pikel hits you with a whip of flaming.
You die...

##.## #..)...#.# #.........*
####.#.## #........###.########*
....###.####............# *,,,,
####.#.............###.## *,***
*#...####......## #.# *,***
#......#.#...## #.# *,**,
##..#......#.# *#.#* *,**,
#..#..#.#.#.# *...* *,**,
#.......#.#@# *...*****,,,,
######.........K.# *...,,,,,,,*,
......###.###..######...#****,,*,
......###.# #..##.....>,,,,,*,,**
..........###..........,,,,,,,,*,
.......>....#.###......,,,,,*,**,
......####p......####,,,*****,**,
#####.####..#.##?# *,,,,,,,,,**,
#.##......##.# *,,,********,


You could see Pikel.

Vanquished Creatures
  A slave (D:4)
  A worker ant (D:4)
  6 adders
  An ooze (D:2)
  3 worms
  2 orcs (D:3)
  A ball python (D:2)
  A giant cockroach (D:2)
  5 hobgoblins
  7 jackals
  7 kobolds
  7 bats
  2 giant geckos (D:2)
  A giant gecko skeleton (D:4)
  2 giant newts
  6 goblins
  6 rats
59 creatures vanquished.

Vanquished Creatures (others)
  An orc priest (D:3)
  An adder (D:3)
  An orc (D:3)
  A giant cockroach (D:3)
4 creatures vanquished.

Grand Total: 63 creatures vanquished

Notes
Turn   | Place    | Note
--------------------------------------------------------------
     0 | D:1      | kosy22 the Hill Orc Fighter began the quest for the Orb.
     0 | D:1      | Reached XP level 1. HP: 19/19 MP: 1/1
   132 | D:1      | Reached XP level 2. HP: 22/27 MP: 2/2
   526 | D:2      | Reached skill level 4 in Fighting
   598 | D:2      | Found a shattered altar of Ashenzari.
   849 | D:2      | Reached XP level 3. HP: 33/33 MP: 3/3
   982 | D:2      | Reached XP level 4. HP: 29/40 MP: 4/4
  1611 | D:3      | Reached skill level 1 in Dodging
  1716 | D:3      | Found a radiant altar of Vehumet.
  1742 | D:3      | Became a worshipper of Beogh the Brigand
  2067 | D:3      | Reached XP level 5. HP: 31/46 MP: 5/5
  2668 | D:4      | Noticed a slave
  2671 | D:4      | Noticed a slave
  2673 | D:4      | Noticed a slave
  2674 | D:4      | Noticed a slave
  2679 | D:4      | Killed a slave
  2686 | D:4      | HP: 1/47 [slave[Pikel] (5)]
  2830 | D:4      | Noticed Pikel
  2831 | D:4      | HP: 2/47 [Pikel/wand of cold (16)]
  2832 | D:4      | Slain by Pikel

Vault maps used:
D:1:      minmay_arrival_doors
D:2:      nicolae_ashenzari_panopticon, kennysheep_generic_room_4
D:3:      fiery_altar_vehumet, minmay_misc_feat_room,
          minmay_misc_feat_more_columns, kennysheep_another_room
D:4:      uniq_grinder, uniq_pikel

Action                   |  1- 3 |  4- 6 || total
-------------------------+-------+-------++-------
Melee: War axe           |    96 |   103 ||   199
Throw: Tomahawk          |       |     8 ||     8
       Throwing net      |       |     1 ||     1
Invok: Convert to Beogh  |       |     1 ||     1
  Use: Scroll            |     1 |     6 ||     7
       Potion            |       |     5 ||     5
  Eat: Bread ration      |       |     1 ||     1
       Meat ration       |       |     1 ||     1
